 Dungeon Crawl Stone Soup version 0.30-a0-802-gb92711bcdf (webtiles) character file.

Game seed: 14962016148649804606

48 cforsyth the Sneak (level 4, 0/27 HPs)
             Began as a Kobold Brigand on Feb 23, 2023.
             Succumbed to Jessica's poison
             ... on level 2 of the Dungeon.
             The game lasted 00:01:23 (1348 turns).

cforsyth the Sneak (Kobold Brigand)                 Turns: 1348, Time: 00:01:23

Health: 0/27       AC:  5    Str: 12    XL:     4   Next: 0%
Magic:  4/4        EV: 14    Int: 12    God:
Gold:   56         SH:  0    Dex: 18    Spells: 3/3 levels left

rFire   . . .      SeeInvis .    a - +2 dagger
rCold   . . .      Faith    .    (no shield)
rNeg    . . .      Spirit   .    o - +1 leather armour "Puetwitz" {-Cast Will+ Str+4}
rPois   .          Reflect  .    (no helmet)
rElec   .          Harm     .    c - +0 cloak
rCorr   .          Rampage  .    (no gloves)
Will    +....      NoCast   +    (no boots)
Stlth   ++++                     (no amulet)
HPRegen 0.24/turn                (no ring)
MPRegen 0.09/turn                (no ring)

@: lethally poisoned (0 -> -12)
A: small, no large weapons, nightstalker 3
a: no special abilities


You were on level 2 of the Dungeon.
You visited 1 branch of the dungeon, and saw 2 of its levels.

You collected 56 gold pieces.

Inventory:

Hand Weapons
 a - a +2 dagger (weapon)
Missiles
 d - 12 poisoned darts (quivered)
 e - 3 curare-tipped darts
Armour
 b - a +0 robe
 c - a +0 cloak (worn)
 f - a +1 leather armour of fire resistance
 o - the +1 leather armour "Puetwitz" (worn) {-Cast Will+ Str+4}
   (You found it on level 2 of the Dungeon)

   Str:       It affects your strength (+4).
   -Cast:     It prevents spellcasting.
   Will:      It increases your willpower.
Jewellery
 m - an amulet of reflection
Scrolls
 j - a scroll of fog {unknown}
 l - a scroll of fear {unknown}
Potions
 g - 2 potions of curing {unknown}
 h - 2 potions of heal wounds {unknown}
 i - a potion of flight {unknown}
 k - a potion of haste {unknown}
 n - a potion of berserk rage {unknown}


   Skills:
 + Level 2.8 Fighting
 + Level 3.5 Short Blades
 - Level 2.1 Throwing
 + Level 2.2 Dodging
 + Level 5.9 Stealth


You had 3 spell levels left.
You didn't know any spells.
Your spell library was empty.

Dungeon Overview and Level Annotations

Branches:
Dungeon (2/15)

Altars:

Annotations:
D:2 Jessica


Innate Abilities, Weirdness & Mutations

You are small and have problems with some larger weapons.
You are completely attuned to the shadows.


Message History

You impale the rat!!
You kill the rat!
You have reached level 4!
You see here a rat corpse.
You see here a rat corpse.
Jessica the Apprentice Sorceress comes into view.
She is wielding a +5 dagger of venom and carrying a wand of flame (19).
Jessica is nearby!
Jessica is nearby!
Found a stone staircase leading up.
Jessica shouts!
Jessica grins evilly.
You hit Jessica but do no damage. You hit Jessica.
Jessica is severely wounded.
Jessica gestures at you while chanting. You resist with almost no effort.
You completely miss Jessica.
Jessica is severely wounded.
Jessica hits you with a +5 dagger of venom.
You barely miss Jessica.
Jessica is severely wounded.
Jessica zaps a wand.
The puff of flame hits you!
You closely miss Jessica.
Jessica is severely wounded.
Jessica zaps a wand.
The puff of flame hits you!
* * * LOW HITPOINT WARNING * * *
You are too injured to fight recklessly!
You are too injured to fight recklessly!
You are too injured to fight recklessly!
You are too injured to fight recklessly!
You are too injured to fight recklessly!
You are too injured to fight recklessly!
You hit Jessica but do no damage.
Jessica is severely wounded.
Jessica hits you with a +5 dagger of venom.
* * * LOW HITPOINT WARNING * * *
You are lethally poisoned!
You closely miss Jessica.
Jessica is severely wounded.
You die...

.....###.#
.####.#.##
#.†## #.##
#.#
####.####
.........
####.###.
#@# #@#
#.. #.##
#<.


You could see Jessica.

Vanquished Creatures
  4 worms (D:2)
  2 ball pythons (D:2)
  3 endoplasms
  4 giant cockroaches
  A goblin (D:1)
  3 hobgoblins
  4 kobolds
  5 bats
  3 frilled lizards
  7 rats
36 creatures vanquished.

Notes
Turn   | Place    | Note
-------+----------+-------------------------------------------
     0 | D:1      | cforsyth the Kobold Brigand began the quest for the Orb.
     0 | D:1      | Reached XP level 1. HP: 12/12 MP: 1/1
   166 | D:1      | Reached XP level 2. HP: 18/18 MP: 2/2
   722 | D:1      | Reached XP level 3. HP: 22/22 MP: 3/3
  1095 | D:2      | Identified the +1 leather armour "Puetwitz" {-Cast Will+
                  | Str+4}
  1332 | D:2      | Reached XP level 4. HP: 27/27 MP: 4/4
  1339 | D:2      | Noticed Jessica
  1348 | D:2      | Succumbed to Jessica's poison

Illustrated notes

Levels and vault maps discovered:
D:1:      heliophobic_arrival_ceremonial_halls, layout_loops_ring
D:2:      layout_loops_cross, uniq_terence, uniq_sigmund, uniq_jessica

Skill      XL: |  1  2  3 |
---------------+----------+-----
Short Blades   | 3 |  3.5
Dodging        | 2 |  2.2
Fighting       | |  2.8
Throwing       | |  2.1
Stealth        | |  5.9

Action                     |  1- 3 |  4- 6 || total
---------------------------+-------+-------++-------
  Melee: Dagger            |    99 |     7 ||   106
         Punch             |     1 |       ||     1
   Stab: Sleeping          |    20 |       ||    20
         Distracted        |     1 |       ||     1
 Armour: Leather armour    |    13 |       ||    13
  Dodge: Dodged            |    43 |       ||    43

Table legend: (Time is in decaauts)
 A = Elapsed time spent in this place.
 B = Non-inter-level travel time spent in this place.
 C = Inter-level travel time spent in this place.
 D = Time resting spent in this place.
 E = Time spent auto-exploring this place.
 F = Levels seen in this place.
 G = Mean time per level.
                   A        B        C        D        E       F      G
               +--------+--------+--------+--------+--------+-----+--------+
         Total |   1330 |   1305 |     25 |      0 |   1054 |   2 |  665.0 |
       Dungeon |   1330 |   1305 |     25 |      0 |   1054 |   2 |  665.0 |
               +--------+--------+--------+--------+--------+-----+--------+

Top non-repeatable levels by time:
     D:1: 847 daAuts
     D:2: 482 daAuts
